 Dungeon Crawl Stone Soup version 0.27.1-2-g3b301248ec (webtiles) character file.

Game seed: 4514757004836474288

30 Descartes the Sneak (level 3, -2/16 HPs)
             Began as a Spriggan Conjurer on Sept 24, 2021.
             Frozen to death by an endoplasm (5 damage)
             ... on level 2 of the Dungeon.
             The game lasted 00:03:24 (1416 turns).

Descartes the Sneak (Spriggan Conjurer)             Turns: 1416, Time: 00:03:25

Health: -2/16      AC:  2    Str:  4    XL:     3   Next: 5%
Magic:  2/8        EV: 17    Int: 19    God:
Gold:   54         SH:  0    Dex: 13    Spells: 5/8 levels left

rFire    . . .     SeeInvis +   o - +1 dagger (drain)
rCold    . . .     Faith    .   (shield restricted)
rNeg     . . .     Spirit   .   a - +0 robe
rPois    .         Reflect  .   (helmet restricted)
rElec    .         Harm     .   (no cloak)
rCorr    .         Rampage  .   (gloves unavailable)
Will     .....                  (boots unavailable)
Stlth    ++........             (no amulet)
HPRegen  0.05/turn              d - ring of wizardry
MPRegen  0.11/turn              (no ring)

@: very quick
A: very small, no large weapons, unfitting armour, see invisible, speed 3
a: no special abilities


You were on level 2 of the Dungeon.
You visited 1 branch of the dungeon, and saw 2 of its levels.

You collected 54 gold pieces.

Inventory:

Hand Weapons
 g - a +0 hunting sling
 n - a +2 spear of freezing
 o - a +1 dagger of draining (weapon)
Missiles
 e - 45 arrows
 f - 34 poisoned darts
 i - 49 stones
 j - 8 sling bullets
Armour
 a - a +0 robe (worn)
Jewellery
 d - a ring of wizardry (left hand)
Scrolls
 h - a scroll of enchant armour {unknown}
 l - a scroll of magic mapping {unknown}
Potions
 b - a potion of degeneration {unknown}
 c - a potion of curing {unknown}
 k - a potion of lignification {unknown}
 m - 2 potions of attraction {unknown}
 p - a potion of brilliance {unknown}


   Skills:
 + Level 3.3 Dodging
 + Level 3.8 Stealth
 + Level 3.2 Spellcasting
 + Level 3.1 Conjurations


You had 5 spell levels left.
You knew the following spells:

 Your Spells              Type           Power      Damage    Failure   Level
a - Magic Dart            Conj           60%        1d6       1%          1
b - Searing Ray           Conj           30%        3d4       2%          2

Your spell library contained the following spells:

 Spells                   Type           Power      Damage    Failure   Level
 Dazzling Flash           Conj/Hex       18%        N/A       10%         3
 Fulminant Prism          Conj/Hex       4%         3d6       30%         4
 Iskenderun's Mystic Bla  Conj/Tloc      9%         2d4       30%         4


Dungeon Overview and Level Annotations

Branches:
Dungeon (2/15)

Altars:

Annotations:
D:2 Sigmund


Innate Abilities, Weirdness & Mutations

You are very small and have problems with some larger weapons.
You are too small for most types of armour.
You have supernaturally acute eyesight. (SInv)
You cover ground extremely quickly. (Speed+++)


Message History

Casting: Magic Dart (safe; 1% risk of failure)
Confirm with . or Enter, or press ? or * to list all spells.
Aiming: Magic Dart (safe; 1% risk of failure)
Press: ? - help, Shift-Dir - straight line, f/p - Sigmund
Aim: Sigmund, wielding a +0 scythe and wearing a +0 robe (moderately wounded, 100% to hit)
The magic dart hits Sigmund.
Sigmund is moderately wounded.
An endoplasm comes into view.
Sigmund barely misses you.
Casting: Magic Dart (safe; 1% risk of failure)
Confirm with . or Enter, or press ? or * to list all spells.
Aiming: Searing Ray (safe; 2% risk of failure)
Press: ? - help, Shift-Dir - straight line, f/p - Sigmund
Aim: Sigmund, wielding a +0 scythe and wearing a +0 robe (moderately wounded, 73% to hit)
The searing ray hits Sigmund.
Sigmund is heavily wounded. (Press . to maintain the ray.)
The endoplasm quivers.
The searing ray hits Sigmund.
Sigmund is heavily wounded.
Sigmund misses you.
The searing ray hits Sigmund.
Sigmund is severely wounded.
Sigmund gestures at you while chanting.
You are confused.
Sigmund barely misses you. The kobold hits you but does no damage.
The kobold hits you with a +0 dagger.
Sigmund gestures wildly while chanting.
Sigmund flickers and vanishes for a moment.
You bump into the rock wall.
The endoplasm closely misses you. Sigmund misses you.
The kobold closely misses you.
You bump into the rock wall.
You feel less confused. The endoplasm freezes you.
You are frozen.
The kobold hits you with a +0 dagger.
* * * LOW HITPOINT WARNING * * *
The endoplasm freezes you.
You are frozen.
You die...

. ### ..### ..#
..... #.# #.....
#.# #.#.#.###.#
#..>...@..######
#.....#K.......#
......J.######.#
......#@# ##.##
......#.#####...##
..... #.......#..#
..#.# #######....#
. #. ##.#.# #
#.#.# #.#.# #.#.#
#.#.#


You could see Sigmund (invisible), an endoplasm and a kobold.

Vanquished Creatures
  A ball python (D:1)
  A bat (D:1)
  3 endoplasms (D:1)
  2 giant cockroaches (D:1)
  3 goblins
  5 hobgoblins (D:1)
  5 kobolds
  2 frilled lizards (D:1)
  3 rats (D:1)
25 creatures vanquished.

Notes
Turn   | Place    | Note
-------+----------+-------------------------------------------
     0 | D:1      | Descartes the Spriggan Conjurer began the quest for the
                  | Orb.
     0 | D:1      | Reached XP level 1. HP: 9/9 MP: 5/5
   260 | D:1      | Reached XP level 2. HP: 11/13 MP: 0/7
   335 | D:1      | Learned a level 2 spell: Searing Ray
  1243 | D:2      | Reached XP level 3. HP: 16/16 MP: 4/8
  1402 | D:2      | Noticed Sigmund
  1416 | D:2      | Frozen to death by an endoplasm

Illustrated notes

Levels and vault maps discovered:
D:1:      ncdulo_lavacross, layout_loops_ring
D:2:      layout_loops_ring, minmay_pentomino_r4, uniq_sigmund, uniq_natasha

Skill      XL: |  1 |
---------------+----+-----
Conjurations   | 3 |  3.1
Dodging        | 3 |  3.3
Spellcasting   | 3 |  3.2
Stealth        | |  3.8

Action                   || total
-------------------------++-------
Melee: Dagger            ||    16
 Cast: Magic Dart        ||    59
       Searing Ray       ||     1
Armor: Robe              ||     4
Dodge: Dodged            ||    19
